 Dungeon Crawl Stone Soup version 0.26-a0-812-g31a745ddcd (webtiles) character file.

Game seed: 72723641120176037

16174 kae the Grappler (level 12, -1/102 HPs)
             Began as a Yellow Draconian Transmuter on Dec 1, 2020.
             Was a High Priest of Wu Jian.
             Splashed by an acid dragon's acid (6 damage)
             ... on level 13 of the Dungeon.
             The game lasted 00:11:33 (17025 turns).

kae the Grappler (Yellow Draconian Transmuter)     Turns: 17025, Time: 00:11:34

Health: -1/102     AC:  8    Str: 17    XL:     12   Next: 7%
Magic:  18/22      EV: 15    Int: 22    God:    Wu Jian [*****.]
Gold:   843        SH:  0    Dex: 12    Spells: 12/25 levels left

rFire    x . .     SeeInvis .     - Unarmed
rCold    . . .     Faith    .   (shield currently unavailable)
rNeg     . . .     Spirit   .   (armour unavailable)
rPois    +         Reflect  .   (helmet restricted)
rElec    .         Harm     .   (no cloak)
rCorr    +         Rampage  .   (gloves currently unavailable)
MR       +....                  (no boots)
Stlth    +.........             (no amulet)
HPRegen  0.27/turn              q - ring of protection from magic
MPRegen  0.18/turn              m - ring of the Townfolk {*Contam +Inv rPois rF- Int+8}

@: blade hands
A: spit acid, unfitting armour, blurry vision 1, cold-blooded, acid resistance,
AC +8
a: Breathe Acid, End Transformation, Wall Jump, Serpent's Lash, Heavenly Storm,
Renounce Religion, Evoke Invisibility


You were on level 13 of the Dungeon.
You worshipped Wu Jian.
Wu Jian was extremely pleased with you.
You had blades for hands.
You visited 2 branches of the dungeon, and saw 13 of its levels.

You collected 869 gold pieces.
You spent 26 gold pieces at shops.

Inventory:

Jewellery
 f - an uncursed ring of see invisible
 m - the ring of the Townfolk (right scythe-like blade) {*Contam +Inv rPois rF- Int+8}
   (You acquired it on level 8 of the Dungeon)

   [ring of poison resistance]

   It affects your intelligence (+8).
   It makes you vulnerable to fire.
   It protects you from poison.
   It lets you turn invisible.
   It causes magical contamination when unequipped.
 q - a ring of protection from magic (left scythe-like blade)
 v - an uncursed ring of positive energy
 w - the ring of Woklob {+Inv rElec rF++ EV-4 Dex-2}
   (You found it on level 9 of the Dungeon)

   [ring of evasion]

   It affects your evasion (-4).
   It affects your dexterity (-2).
   It greatly protects you from fire.
   It insulates you from electricity.
   It lets you turn invisible.
 y - an uncursed ring of fire
 z - an uncursed ring of stealth
 D - a cursed ring of attention {unknown}
Wands
 h - a wand of iceblast (18)
 r - a wand of paralysis (8)
 s - a wand of flame (18)
 x - a wand of disintegration (33)
 A - a wand of acid (12)
 G - a wand of digging (7)
Scrolls
 c - 4 scrolls of teleportation
 i - 2 scrolls of blinking
 n - a scroll of enchant weapon
 o - 2 scrolls of amnesia
 B - 2 scrolls of identify
 F - a scroll of enchant armour
Potions
 a - 7 potions of curing
 b - a potion of attraction
 d - a potion of flight
 e - 4 potions of heal wounds
 g - 4 potions of brilliance
 j - 4 potions of lignification
 k - 4 potions of invisibility
 l - 2 potions of ambrosia {unknown}
 p - a potion of degeneration {unknown}
 t - 2 potions of resistance {unknown}
 u - a potion of berserk rage {unknown}
 C - a potion of magic {unknown}
 E - a potion of might {unknown}


   Skills:
 + Level 8.2 Fighting
 + Level 7.0 Dodging
 * Level 10.9 Unarmed Combat
 + Level 7.0 Spellcasting
 * Level 10.6 Transmutations
 - Level 3.0 Ice Magic
 - Level 2.0 Poison Magic


You had 12 spell levels left.
You knew the following spells:

 Your Spells              Type           Power        Failure   Level
a - Beastly Appendage     Tmut           ######       7%          1
b - Spider Form           Tmut/Pois      #####.....   21%         3
c - Blade Hands           Tmut           ######....   26%         5
d - Ice Form              Ice/Tmut       #####...     32%         4

Your spell library contained the following spells:

 Spells                   Type           Power        Failure   Level
 Wereblood                Tmut           ######..     8%          2
 Freeze                   Ice            ###.         22%         1
 Ignite Poison            Fire/Tmut/Pois ####....     30%         3
 Frozen Ramparts          Ice            ###...       38%         3
 Ozocubu's Armour         Ice            ###.....     38%         3
 Animate Skeleton         Necr           #.....       43%         1
 Apportation              Tloc           #.....       43%         1
 Corona                   Hex            #......      43%         1
 Magic Dart               Conj           #...         43%         1
 Summon Small Mammal      Summ           #...         43%         1
 Blink                    Tloc           N/A          50%         2
 Call Imp                 Summ           #.......     50%         2
 Slow                     Hex            #.......     50%         2
 Mephitic Cloud           Conj/Pois/Air  ##......     61%         3
 Call Canine Familiar     Summ           #.......     67%         3
 Conjure Flame            Conj/Fire      #.......     67%         3
 Inner Flame              Hex/Fire       #.......     67%         3
 Yara's Violent Unravell  Hex/Tmut       ####......   69%         5
 Hailstorm                Conj/Ice       ##......     82%         4
 Summon Ice Beast         Ice/Summ       ##......     82%         4
 Cause Fear               Hex            #.........   93%         4
 Silence                  Hex/Air        #.........   99%         5
 Spellforged Servitor     Conj/Summ      #.........   100%        7
 Discord                  Hex            #.........   100%        8


Dungeon Overview and Level Annotations

Branches:
Dungeon (13/15)            Temple (1/1) D:6            Lair (0/6) D:10
    Orc: D:9-12      Vaults: D:13-14

Altars:
Ashenzari
Cheibriados
Dithmenos
Elyvilon
Fedhas
Gozag
Hepliaklqana
Kikubaaqudgha
Makhleb
Nemelex Xobeh
Okawaru
Qazlal
Ru
Sif Muna
Trog
Uskayaw
Vehumet
Wu Jian
Xom
Yredelemnul
Zin
The Shining One

Shops:
D:8 [[[=

Annotations:
D:13 1 exclusion


Innate Abilities, Weirdness & Mutations

You can spit globs of acid.
Your golden yellow scales are hard. (AC +8)
You cannot fit into any form of body armour.
You are cold-blooded and may be slowed by cold attacks.
You are resistant to acid. (rCorr)
Scrolls take you a little longer to read.


Message History

The splash of acid hits you. You resist.
* * * LOW HITPOINT WARNING * * *
You are splashed with acid!
You resist.
* * * LOW HITPOINT WARNING * * *
You see here 3 arrows.
You hit the acid dragon but do no damage.
The centaur warrior shoots an arrow.
The arrow closely misses you. The acid dragon barely misses you.
The acid dragon claws you but does no damage.
You hit the acid dragon but do no damage.
The centaur warrior shoots an arrow.
The arrow hits you!
* * * LOW HITPOINT WARNING * * *
You spin and attack the acid dragon.
You slice the acid dragon!! You tail-slap the acid dragon.
The acid dragon is severely wounded.
The acid dragon spits acid at you. The splash of acid hits you. You resist.
* * * LOW HITPOINT WARNING * * *
You are splashed with acid.
You resist.
You die...

#############
#########............#
.....................###
........................
.......... .............
.........# #####..#####
.....$c..# #..#....
......D@.# #..'....
#######(.# #..).... #..#
#.<#.... #.(# #..#####
#..########.))))..
+............)....
#.................
#.................
#.................####


You could see a centaur warrior and an acid dragon (catching breath).

Vanquished Creatures
  Harold (D:7)
  A two-headed ogre (D:9)
  Pikel (D:6)
  A deep elf mage (D:9)
  A wolf spider zombie (D:13)
  2 orc sorcerers (D:9)
  3 cyclopes
  An elephant (D:10)
  Joseph (D:7)
  Maurice (D:13)
  A centaur skeleton (D:10)
  2 trolls
  A hornet (D:10)
  17 yaks
  2 wyverns
  A golden eye (shapeshifter) (D:13)
  A basilisk (D:10)
  A steam dragon (D:8)
  An acid dragon (D:9)
  3 water moccasins
  4 ice beasts
  A phantom (D:7)
  An orc warrior (D:9)
  2 black bears (D:10)
  An eye of draining (D:10)
  4 necrophages
  5 sky beasts
  7 ogres
  4 lemures (D:5)
  A wyvern zombie (D:9)
  6 big kobolds
  5 bullfrogs
  2 scorpions
  19 killer bees
  10 wights
  3 howler monkeys
  3 bullfrog zombies (D:9)
  A centaur zombie (D:6)
  4 quasits
  2 jellies
  4 orc priests
  8 hounds
  9 orc wizards
  2 bullfrog skeletons
  7 iguanas
  8 worker ants
  A hound zombie (D:9)
  A hound skeleton (D:8)
  2 mummies (D:9)
  A worker ant zombie (D:9)
  11 gnolls
  8 adders
  A shadow imp (D:8)
  An ufetubus (D:9)
  2 adder zombies (D:9)
  2 adder skeletons (D:9)
  3 dart slugs
  4 worms
  2 leopard geckos
  36 orcs
  A ball python (D:6)
  3 bats
  6 giant cockroaches
  7 goblins
  8 hobgoblins
  21 jackals
  4 quokkas
  6 frilled lizards
  A jackal skeleton (D:5)
  37 kobolds
  3 leopard gecko skeletons
  6 rats
344 creatures vanquished.

Vanquished Creatures (others)
  A hound skeleton (D:6)
  A jackal (D:6)
  A plant (D:10)
  11 withered plants (D:9)
14 creatures vanquished.

Grand Total: 358 creatures vanquished

Notes
Turn   | Place    | Note
-------+----------+-------------------------------------------
     0 | D:1      | kae the Draconian Transmuter began the quest for the Orb.
     0 | D:1      | Reached XP level 1. HP: 16/16 MP: 3/3
   477 | D:1      | Reached XP level 2. HP: 23/23 MP: 3/5
   979 | D:1      | Reached XP level 3. HP: 23/28 MP: 4/6
  1287 | D:2      | Learned a level 3 spell: Spider Form
  1815 | D:2      | Found an iron altar of Okawaru.
  1998 | D:2      | Reached XP level 4. HP: 26/36 MP: 5/7
  2258 | D:2      | Found a glowing golden altar of the Shining One.
  2259 | D:2      | Found a sparkling altar of Nemelex Xobeh.
  2876 | D:3      | Found a faded altar of an unknown god.
  2971 | D:3      | Reached XP level 5. HP: 41/41 MP: 2/8
  3580 | D:3      | Noticed an ogre
  3595 | D:3      | Killed an ogre
  3881 | D:4      | Reached XP level 6. HP: 50/50 MP: 8/10
  4307 | D:4      | Reached skill level 1 in Poison Magic
  4667 | D:4      | Reached skill level 5 in Unarmed Combat
  4852 | D:4      | Your scales start taking on a golden yellow colour.
  4852 | D:4      | Reached XP level 7. HP: 47/57 MP: 4/11
  4852 | D:4      | Gained mutation: You are resistant to acid. (rCorr) [Yellow
                  | Draconian growth]
  5243 | D:5      | Entered Level 5 of the Dungeon
  6391 | D:6      | Noticed Pikel
  6403 | D:6      | Found a staircase to the Ecumenical Temple.
  6409 | Temple   | Entered the Ecumenical Temple
  6658 | Temple   | Became a worshipper of the Wu Jian Council
  6737 | D:6      | Reached skill level 5 in Transmutations
  6756 | D:6      | Reached XP level 8. HP: 31/64 MP: 11/13
  7233 | D:6      | Killed Pikel
  7477 | D:6      | Found a radiant altar of Vehumet.
  8234 | D:7      | You fall into a shaft and drop 2 floors!
  8345 | D:9      | Learned a level 5 spell: Blade Hands
  8350 | D:9      | Learned a level 4 spell: Ice Form
  8361 | D:9      | Reached XP level 9. HP: 72/72 MP: 11/15
  8557 | D:9      | Reached skill level 1 in Ice Magic
  8810 | D:9      | Reached * piety under Wu Jian
  8933 | D:9      | Reached skill level 5 in Fighting
  9219 | D:9      | Noticed a cyclops
  9235 | D:9      | Killed a cyclops
  9237 | D:9      | Reached skill level 5 in Dodging
  9239 | D:9      | Reached skill level 5 in Spellcasting
  9244 | D:9      | Gained mutation: Scrolls take you a little longer to read.
                  | [mutagenic glow]
  9467 | D:9      | Reached XP level 10. HP: 79/83 MP: 15/17
  9498 | D:9      | Noticed an orc sorcerer
  9498 | D:9      | Noticed a deep elf mage
  9511 | D:9      | Killed an orc sorcerer
  9515 | D:9      | Killed a deep elf mage
  9516 | D:9      | Noticed an orc sorcerer
  9527 | D:9      | Killed an orc sorcerer
  9828 | D:9      | Reached ** piety under Wu Jian
  9988 | D:9      | Noticed a cyclops
 10025 | D:9      | Killed a cyclops
 10321 | D:9      | Identified the +2 tower shield of Qazlal's Favour {+Inv
                  | Dex+3}
 10818 | D:9      | Noticed a two-headed ogre
 10831 | D:9      | Killed a two-headed ogre
 11221 | D:9      | Found a broken altar of Ashenzari.
 11545 | D:9      | Identified the Papyrus of Supportive Flames
 11549 | D:9      | Got a flickering bone ring
 11620 | D:8      | Found Luaxud's Antique Armour Boutique.
 11680 | D:8      | Reached XP level 11. HP: 85/90 MP: 14/19
 11829 | D:8      | You fall into a shaft and drop 1 floor!
 11901 | D:8      | Found Zeupina's Armour Boutique.
 11917 | D:8      | Found Uceutris's Jewellery Emporium.
 11922 | D:8      | Bought a cursed amulet of inaccuracy for 26 gold pieces
 12245 | D:8      | Reached *** piety under Wu Jian
 12257 | D:8      | Identified the cursed ring of Woklob {+Inv rElec rF++ EV-4
                  | Dex-2} (You found it on level 9 of the Dungeon)
 12266 | D:8      | Identified a scroll of acquirement
 12266 | D:8      | Acquired the ring of the Townfolk {*Contam +Inv rPois rF-
                  | Int+8}
 12435 | D:8      | Found Taegum's Antique Armour Shoppe.
 12794 | D:7      | Noticed Joseph
 12811 | D:7      | Killed Joseph
 13155 | D:7      | Noticed Harold
 13172 | D:7      | Killed Harold
 13529 | D:7      | Found a hazy altar of Hepliaklqana.
 13529 | D:7      | Found a shadowy altar of Dithmenos.
 13667 | D:10     | Entered Level 10 of the Dungeon
 13797 | D:10     | Reached skill level 10 in Unarmed Combat
 13839 | D:10     | HP: 4/92 [orc/+0 trident (7)]
 13839 | D:10     | HP: 1/92 [orc priest/+0 whip (3)]
 13913 | D:10     | Reached **** piety under Wu Jian
 14884 | D:10     | Found a staircase to the Lair.
 14891 | D:10     | Reached skill level 10 in Transmutations
 15504 | D:10     | Found a shimmering altar of Xom.
 16101 | D:11     | Noticed a lindwurm
 16101 | D:11     | Noticed a lindwurm
 16265 | D:11     | Reached ***** piety under Wu Jian
 16334 | D:11     | You fall into a shaft and drop 2 floors!
 16605 | D:13     | Reached XP level 12. HP: 44/101 MP: 17/22
 16830 | D:13     | Noticed an eight-headed hydra
 16928 | D:13     | Noticed Maurice
 16933 | D:13     | Killed Maurice
 17015 | D:13     | Noticed a centaur warrior
 17025 | D:13     | HP: 5/102 [acid dragon/splash of acid (1)]
 17025 | D:13     | Splashed by an acid dragon's acid

Illustrated notes

Levels and vault maps discovered:
D:1:      scummos_arrival_star, layout_basic
D:2:      layout_basic, okawaru_trees_2, gammafunk_temple_overflow_statue
D:3:      layout_basic, chequers_ecumenical_altar_simple
D:4:      layout_gridville, minmay_door_square, minmay_misc_feat_tiny
D:5:      layout_loops_corners
D:6:      layout_cave_pools, fiery_altar_vehumet,
          minmay_temple_entry_stoned_glass, uniq_pikel
D:7:      layout_rooms, riverfiend_overflow_shadow_ancestor,
          kennysheep_generic_room_16, uniq_joseph, uniq_harold
D:8:      layout_loops_ring, serial_shops, shop, nicolae_shop_behind_doors,
          nicolae_shop_crystal, shop_fountains, chequers_serial_rivers_small_b
D:9:      minmay_the_grid_4x2 [minmay_the_grid_small_cups,
          minmay_the_grid_holed_spiral, minmay_the_grid_outer_circle,
          minmay_the_grid_tri_star, minmay_the_grid_doors,
          minmay_the_grid_embedded, minmay_the_grid_gridbox,
          minmay_the_grid_prize_trominoes], layout_basic,
          ashenzari_conservatory_becter, serial_undead, serial_undead_c,
          serial_undead_a, serial_undead_f, serial_undead_c, serial_undead_e,
          serial_undead_c, serial_undead_d, hive_lemuel
D:10:     layout_irregular_city, david_lair_generic, basic_altar
D:11:     layout_stronghold, orc_0_dummy, nicolae_trove_entry_path_of_doom,
          minmay_lindwurm_lava
D:13:     layout_irregular_city, david_vaults_4, uniq_maurice
Temple:   regret_index_temple_generic_petals

Skill      XL: |  1  2  3  4  5  6  7  8  9 10 11 12 |
---------------+-------------------------------------+-----
Dodging        | 2 3 4 5 6 7 |  7.0
Transmutations | 3 4 5 6 7 9 10 | 10.6
Fighting       | 2 3 4 5 6 8 |  8.2
Unarmed Combat | 4 5 7 8 9 10 | 10.9
Poison Magic   | 1 2 |  2.0
Spellcasting   | 3 4 5 6 7 |  7.0
Ice Magic      | 3 |  3.0

Action                   |  1- 3 |  4- 6 |  7- 9 | 10-12 || total
-------------------------+-------+-------+-------+-------++-------
Melee: Unarmed           |   137 |   153 |   288 |   449 ||  1027
       Kick              |    20 |    21 |     1 |       ||    42
       Headbutt          |    11 |    11 |     3 |       ||    25
       Tailslap          |    13 |    10 |     5 |    49 ||    77
       Punch             |       |     3 |     2 |    15 ||    20
 Cast: Beastly Appendage |    26 |    18 |     1 |       ||    45
       Spider Form       |       |     9 |    29 |     1 ||    39
       Blade Hands       |       |       |     1 |    65 ||    66
       Ice Form          |       |       |     1 |       ||     1
Invok: Lunge             |       |       |     6 |    29 ||    35
       Whirlwind         |       |       |     1 |     8 ||     9
 Abil: Breathe Acid      |       |       |     6 |     8 ||    14
       End Transformatio |       |       |       |     1 ||     1
  Use: Scroll            |     4 |     5 |     7 |     7 ||    23
       Potion            |       |       |     1 |     2 ||     3
 Stab: Sleeping          |       |       |       |     2 ||     2
       Distracted        |       |       |       |     1 ||     1
Armor: Skin              |    49 |    33 |    39 |   117 ||   238
Dodge: Dodged            |    97 |   123 |   238 |   359 ||   817

Table legend: (Time is in decaauts)
 A = Elapsed time spent in this place.
 B = Non-inter-level travel time spent in this place.
 C = Inter-level travel time spent in this place.
 D = Time resting spent in this place.
 E = Time spent auto-exploring this place.
 F = Levels seen in this place.
 G = Mean time per level.
                   A        B        C        D        E       F      G
               +--------+--------+--------+--------+--------+-----+--------+
         Total |  16900 |  16490 |    410 |    998 |  13282 |  13 | 1300.0 |
       Dungeon |  16612 |  16240 |    372 |    924 |  13109 |  12 | 1384.3 |
        Temple |    288 |    250 |     38 |     74 |    173 |   1 |  288.0 |
               +--------+--------+--------+--------+--------+-----+--------+

Top non-repeatable levels by time:
     D:9: 3380 daAuts
    D:10: 2116 daAuts
     D:5: 1383 daAuts
     D:4: 1364 daAuts
     D:2: 1345 daAuts
     D:6: 1315 daAuts
     D:1: 1278 daAuts
     D:3: 1235 daAuts
     D:8: 1031 daAuts
     D:7: 951 daAuts
    D:13: 683 daAuts
    D:11: 527 daAuts
  Temple: 288 daAuts
